 Dungeon Crawl Stone Soup version 0.23.2-40-g277498a001 (webtiles) character file.

Game seed: 5625915440151552622

184 Felnil the Skirmisher (level 5, -9/49 HPs)
             Began as a Demigod Fighter on Aug 13, 2019.
             Killed by divine providence
             ... invoked by an orc priest
              (17 damage)
             ... on level 3 of the Dungeon.
             The game lasted 00:04:33 (1856 turns).

Felnil the Skirmisher (Demigod Fighter)             Turns: 1856, Time: 00:04:34

Health: -9/49      AC:  6    Str: 21    XL:     5   Next: 14%
Magic:  7/7        EV:  7    Int: 12    God:
Gold:   102        SH:  9    Dex: 15    Spells: 4/4 levels left

rFire    . . .     SeeInvis .   a - +0 war axe
rCold    . . .     Gourm    .   c - +0 shield
rNeg     . . .     Faith    .   b - +0 scale mail
rPois    .         Spirit   .   (no helmet)
rElec    .         Reflect  .   (no cloak)
rCorr    .         Harm     .   (no gloves)
MR       .....                  (no boots)
Stlth    ..........             g - amulet of the acrobat
HPRegen  0.16/turn              (no ring)
MPRegen  0.10/turn              (no ring)

@: no status effects
A: high mp 1
a: no special abilities


You were on level 3 of the Dungeon.
You were hungry.

You visited 1 branch of the dungeon, and saw 3 of its levels.

You collected 102 gold pieces.

Inventory:

Hand Weapons
 a - a +0 war axe (weapon)
Armour
 b - a +0 scale mail (worn)
 c - a +0 shield (worn)
Jewellery
 g - an amulet of the acrobat (around neck)
Scrolls
 e - a scroll of identify {unknown}
 h - a scroll of amnesia {unknown}
 i - a scroll of enchant weapon {unknown}
 l - a scroll of fog {unknown}
 m - a scroll of teleportation {unknown}
Potions
 d - a potion of might
 j - 2 potions of heal wounds {unknown}
 k - a potion of curing
 n - a potion of degeneration {unknown}
 o - a potion of cancellation {unknown}
Comestibles
 f - 4 rations


   Skills:
 + Level 5.6 Fighting
 - Level 1.7 Axes
 - Level 2.6 Armour
 - Level 2.6 Shields


You had 4 spell levels left.
You didn't know any spells.
Your spell library was empty.

Dungeon Overview and Level Annotations

Branches:
Dungeon (3/15)


Innate Abilities, Weirdness & Mutations

You have an increased reservoir of magic. (+10% MP)


Message History

You are too injured to fight recklessly!
You are too injured to fight recklessly!
You hit the orc priest.
The orc priest is heavily wounded.
You hit the goblin.
You kill the goblin!
You hit the hobgoblin.
You kill the hobgoblin!
The orc priest barely misses you.
You hit the orc priest.
The orc priest is heavily wounded.
You closely miss the hobgoblin.
The orc priest casts a cantrip, but nothing happens.
The hobgoblin hits you.
* * * LOW HITPOINT WARNING * * *
The hobgoblin hits you.
* * * LOW HITPOINT WARNING * * *
The orc priest calls down the wrath of Beogh upon you.
Beogh smites you!
You die...

#..........#....##
#..........####.##
#............#....
#####.#...........
###..............
#...#............
#.###............
#######.###............
#....)@)...............
......)go####...........
..........# #....[......
.!........# .####.#####
..........# ..........#
..........# .........##


You could see an orc priest and a hobgoblin.

Vanquished Creatures
  Natasha (thrice) (D:2)
  2 adders (D:2)
  3 oozes
  2 worms (D:2)
  2 dart slugs (D:2)
  2 leopard geckos (D:1)
  4 orcs (D:3)
  4 giant cockroaches
  6 goblins
  12 hobgoblins
  6 kobolds
  A ball python (D:1)
  13 bats
  2 frilled lizards
  5 rats
67 creatures vanquished.

Notes
Turn   | Place    | Note
-------+----------+-------------------------------------------
     0 | D:1      | Felnil the Demigod Fighter began the quest for the Orb.
     0 | D:1      | Reached XP level 1. HP: 18/18 MP: 3/3
   213 | D:1      | Reached skill level 3 in Fighting
   257 | D:1      | Reached XP level 2. HP: 26/26 MP: 4/4
   717 | D:2      | Reached XP level 3. HP: 28/33 MP: 5/5
   727 | D:2      | Reached skill level 4 in Fighting
   877 | D:2      | Noticed Natasha
   890 | D:2      | Killed Natasha
   986 | D:2      | Noticed Natasha
  1001 | D:2      | Killed Natasha
  1001 | D:2      | Reached XP level 4. HP: 10/41 MP: 6/6
  1075 | D:2      | Noticed Natasha
  1081 | D:2      | Killed Natasha
  1081 | D:2      | Reached skill level 5 in Fighting
  1433 | D:2      | Found a faded altar of an unknown god.
  1822 | D:3      | Reached XP level 5. HP: 48/48 MP: 7/7
  1856 | D:3      | Killed from afar by an orc priest

Skill      XL: |  1  2  3  4 |
---------------+-------------+-----
Fighting       | 3 4 5 |  5.6
Axes           | |  1.7
Armour         | |  2.6
Shields        | |  2.6

Action                   |  1- 3 |  4- 6 || total
-------------------------+-------+-------++-------
Melee: War axe           |   121 |    90 ||   211
  Eat: Chunk             |       |     3 ||     3
Armor: Scale mail        |    42 |    39 ||    81
Dodge: Dodged            |    59 |    38 ||    97
Block: Shield            |    77 |    63 ||   140
